 Dungeon Crawl Stone Soup version 0.27-a0-1119-gbf574a6a6b (webtiles) character file.

Game seed: 16691722112945055040

1542 Zeld the Chucker (level 8, -6/57 HPs)
             Began as an Octopode Fighter on May 2, 2021.
             Killed by divine providence
             ... invoked by an orc priest
              (15 damage)
             ... on level 6 of the Dungeon.
             The game lasted 00:05:29 (4283 turns).

Zeld the Chucker (Octopode Fighter)                 Turns: 4283, Time: 00:05:30

Health: -6/57      AC:  1    Str: 17    XL:     8   Next: 87%
Magic:  8/8        EV: 11    Int: 11    God:
Gold:   212        SH: 10    Dex: 11    Spells: 7/7 levels left

rFire    . . .     SeeInvis +   a - +0 war axe
rCold    . . .     Faith    .   b - +0 kite shield
rNeg     . . .     Spirit   .   (helmet restricted)
rPois    .         Reflect  .   f - amulet of regeneration
rElec    .         Harm     .   n - ring of see invisible
rCorr    .         Rampage  .   c - ring of wizardry
Will     .....                  (no ring)
Stlth    ++........             (no ring)
HPRegen  1.19/turn              (no ring)
MPRegen  0.11/turn              (no ring)
                                (no ring)
                                (no ring)

@: no status effects
A: almost no armour, amphibious, 8 rings, camouflage 1, gelatinous body 1,
(nimble swimmer 1), tentacles
a: no special abilities


You were on level 6 of the Dungeon.
You visited 2 branches of the dungeon, and saw 8 of its levels.

You collected 212 gold pieces.

Inventory:

Hand Weapons
 a - a +0 war axe (weapon)
Missiles
 p - 12 poisoned darts (quivered)
Armour
 b - a +0 kite shield (worn)
Jewellery
 c - a ring of wizardry (right tentacle)
 f - an amulet of regeneration (around mantle)
 n - a ring of see invisible (left tentacle)
Wands
 m - a wand of mindburst (21)
Scrolls
 g - a scroll of identify {unknown}
 h - a scroll of fog {unknown}
 j - a scroll of torment {unknown}
 l - a scroll of holy word {unknown}
 q - a scroll of noise {unknown}
 r - a scroll of vulnerability {unknown}
 t - a scroll of fear {unknown}
 u - a scroll of enchant weapon {unknown}
Potions
 d - 4 potions of curing
 e - a potion of lignification {unknown}
 i - a potion of berserk rage {unknown}
 k - a potion of attraction
 o - a potion of brilliance {unknown}


   Skills:
 * Level 5.9 Fighting
 * Level 5.4 Axes
 - Level 6.0 Throwing
 - Level 3.0 Dodging
 * Level 5.8 Shields


You had 7 spell levels left.
You didn't know any spells.
Your spell library was empty.

Dungeon Overview and Level Annotations

Branches:
Dungeon (7/15)             Temple (1/1) D:7

Altars:
Ashenzari
Cheibriados
Dithmenos
Elyvilon
Gozag
Hepliaklqana
Kikubaaqudgha
Makhleb
Nemelex Xobeh
Qazlal
Ru
Trog
Uskayaw
Vehumet
Yredelemnul
Zin
The Shining One
Lugonu

Portals:
Abyss: D:7

Annotations:
D:5 3 runed translucent doors, Sobieck's ghost, novice BaGl
D:7 Pikel


Innate Abilities, Weirdness & Mutations

You cannot wear most types of armour.
You are amphibious.
You can wear up to eight rings at the same time.
Your skin changes colour to match your surroundings (Stealth+).
Your rubbery body absorbs attacks. (AC +1, EV +1)
((You are camouflaged near water. (Stealth+)))
You have tentacles for arms and can constrict up to eight enemies at once.


Message History

An orc comes into view. It is wielding a +0 mace.
The orc shouts!
Found a stone staircase leading down.
The orc warrior shouts!
The orc priest shouts!
You slash the orc!
You kill the orc!
The orc priest looks satisfied for a moment.
You hit the orc warrior but do no damage.
Your grab misses the orc warrior.
The orc priest looks encouraged for a moment.
The orc warrior hits you with a +0 scimitar!!
You hit the orc warrior. You grab the orc warrior.
You squeeze the orc warrior, but do no damage.
The orc warrior is lightly wounded.
You constrict the orc warrior, but do no damage.
The orc warrior barely misses you.
The orc priest hits you with a +0 dagger.
You block the orc warrior's attack.
You slash the orc warrior!
The orc warrior is heavily wounded.
You hit the orc priest. You constrict the orc warrior.
You block the orc priest's attack.
The orc warrior hits you with a +0 scimitar!
You hit the orc warrior but do no damage.
Your squeeze misses the orc warrior.
The orc warrior is severely wounded.
You hit the orc priest but do no damage.
You constrict the orc warrior.
The orc priest hits you with a +0 dagger.
The orc warrior hits you with a +0 scimitar!!
* * * LOW HITPOINT WARNING * * *
The orc priest hits you with a +0 dagger.
* * * LOW HITPOINT WARNING * * *
You block the orc warrior's attack.
Unknown command.
Okay, then.
You release your grip on the orc warrior.
The orc priest calls down the wrath of Beogh upon you.
Beogh smites you!
You die...

## #.# #.......... ..##..
#.......... ....#.#
######..........
.......###.............##
..>...................##
................)...###
#......o.........####
#.....o.......###
##.....@....###
###.......## ##..#..##
####.## #.. ##.# .. ...


You could see an orc warrior and an orc priest.

Vanquished Creatures
  Menkaure (D:4)
  Duvessa (D:6)
  A black bear (D:5)
  2 necrophages (D:5)
  An ogre (D:6)
  A lemure (Temple)
  3 phantoms
  Dowan (D:6)
  A wyvern skeleton (D:5)
  A water moccasin zombie (D:4)
  A water moccasin skeleton (D:4)
  A hound (D:4)
  A centaur skeleton (D:4)
  Jessica (D:2)
  Natasha (thrice) (D:2)
  An iguana (D:4)
  A scorpion zombie (D:5)
  3 orc wizards
  A killer bee zombie (D:6)
  5 gnolls
  8 adders
  A howler monkey skeleton (D:4)
  An ufetubus (D:4)
  2 adder skeletons (D:4)
  3 worms
  3 dart slugs (D:3)
  5 orcs
  4 bats
  6 endoplasms
  5 goblins
  12 hobgoblins
  4 jackals (D:1)
  5 quokkas
  6 ball pythons
  4 kobolds
  11 rats
111 creatures vanquished.

Vanquished Creatures (others)
  A lurking horror (D:7)
  2 plants (D:7)
3 creatures vanquished.

Grand Total: 114 creatures vanquished

Notes
Turn   | Place    | Note
-------+----------+-------------------------------------------
     0 | D:1      | Zeld the Octopode Fighter began the quest for the Orb.
     0 | D:1      | Reached XP level 1. HP: 16/16 MP: 1/1
   239 | D:1      | Reached XP level 2. HP: 12/21 MP: 2/2
   665 | D:1      | Found a faded altar of an unknown god.
   891 | D:2      | Reached XP level 3. HP: 26/26 MP: 3/3
  1064 | D:2      | Noticed Jessica
  1070 | D:2      | Killed Jessica
  1105 | D:2      | Noticed Natasha
  1113 | D:2      | Killed Natasha
  1114 | D:2      | Reached XP level 4. HP: 33/33 MP: 4/4
  1256 | D:2      | Noticed Natasha
  1267 | D:2      | Killed Natasha
  1305 | D:2      | Noticed Natasha
  1310 | D:2      | Killed Natasha
  1311 | D:2      | Reached XP level 5. HP: 37/37 MP: 5/5
  1747 | D:3      | Noticed a phantom
  1763 | D:3      | Killed a phantom
  1764 | D:3      | Reached XP level 6. HP: 44/44 MP: 6/6
  1823 | D:3      | Found an opulent altar of Gozag.
  2337 | D:4      | Found a shadowy altar of Dithmenos.
  2386 | D:4      | Reached skill level 2 in Throwing
  2386 | D:4      | Reached XP level 7. HP: 39/49 MP: 7/7
  2393 | D:4      | Reached skill level 3 in Throwing
  2460 | D:4      | Noticed Menkaure
  2466 | D:4      | Killed Menkaure
  2467 | D:4      | Reached skill level 4 in Throwing
  2786 | D:5      | Entered Level 5 of the Dungeon
  2802 | D:5      | Found a glowing golden altar of the Shining One.
  2838 | D:5      | Reached skill level 5 in Throwing
  2838 | D:5      | Reached XP level 8. HP: 54/54 MP: 8/8
  2853 | D:5      | Identified the +6 mace "Jadis" {elec, Fly rF+}
  3154 | D:5      | Found a runed translucent gate.
  3157 | D:5      | Found a runed translucent gate.
  3158 | D:5      | Found a runed translucent gate.
  3160 | D:5      | Noticed Sobieck's ghost (novice BaGl)
  3187 | D:5      | Reached skill level 6 in Throwing
  3187 | D:5      | Reached skill level 5 in Fighting
  3187 | D:5      | Reached skill level 5 in Shields
  3312 | D:5      | You fall into a shaft and drop 2 floors!
  3530 | D:7      | Found a staircase to the Ecumenical Temple.
  3534 | D:7      | Noticed Pikel
  3537 | Temple   | Entered the Ecumenical Temple
  3803 | D:7      | Found a corrupted altar of Lugonu.
  3804 | D:7      | Found a one-way gate to the infinite horrors of the Abyss.
  3849 | D:6      | Noticed Duvessa
  3850 | D:6      | Noticed Dowan
  3875 | D:6      | Killed Duvessa
  3876 | D:6      | Reached skill level 5 in Axes
  3879 | D:6      | Killed Dowan
  4283 | D:6      | Killed from afar by an orc priest

Illustrated notes

Levels and vault maps discovered:
D:1:      minmay_arrival_radiant_lines, layout_rooms,
          shapermc_ecumenical_altar_notcrosses
D:2:      layout_loops_ring, uniq_natasha, uniq_jessica
D:3:      minmay_bubble_buster, layout_rooms, lemuel_doored_altar
D:4:      layout_cave_pools, kennysheep_mini_moat, uniq_menkaure
D:5:      lemuel_insect_pit, layout_cave_pools, xom_teletrap_fun,
          nicolae_tso_swordbearing_angel, gammafunk_ghost_split
D:6:      layout_cave_pods, marbit_many_paths, nzn_wu_jian_contemplation,
          uniq_duvessa
D:7:      layout_cave_pools, fedhas_altar_3, minmay_temple_entry_gardened_gates,
          minmay_crystal_room, kennysheep_crisscross, st_stairs_6,
          amcnicky_altar_lugonu_corruption, uniq_pikel
Temple:   minmay_temple_curvy_branch

Skill      XL: |  1  2  3  4  5  6  7  8 |
---------------+-------------------------+-----
Axes           | 3 4 5 |  5.4
Fighting       | 4 5 |  5.9
Shields        | 4 5 |  5.8
Throwing       | 2 5 6 |  6.0
Dodging        | |  3.0

Action                   |  1- 3 |  4- 6 |  7- 9 || total
-------------------------+-------+-------+-------++-------
Melee: War axe           |    47 |   118 |   104 ||   269
       Constrict         |    10 |    32 |    21 ||    63
       Tentacles         |     9 |    13 |    15 ||    37
Throw: Dart              |       |       |     4 ||     4
  Use: Potion            |       |     1 |     4 ||     5
       Scroll            |       |       |     1 ||     1
 Stab: Sleeping          |     2 |     3 |       ||     5
       Distracted        |       |     1 |       ||     1
Armor: Skin              |     2 |     9 |     4 ||    15
Dodge: Dodged            |    32 |    65 |    61 ||   158
Block: Kite shield       |    26 |    54 |    56 ||   136

Table legend: (Time is in decaauts)
 A = Elapsed time spent in this place.
 B = Non-inter-level travel time spent in this place.
 C = Inter-level travel time spent in this place.
 D = Time resting spent in this place.
 E = Time spent auto-exploring this place.
 F = Levels seen in this place.
 G = Mean time per level.
                   A        B        C        D        E       F      G
               +--------+--------+--------+--------+--------+-----+--------+
         Total |   4429 |   4336 |     93 |    901 |   2446 |   8 |  553.6 |
       Dungeon |   4170 |   4081 |     89 |    901 |   2200 |   7 |  595.7 |
        Temple |    258 |    254 |      4 |      0 |    246 |   1 |  258.0 |
               +--------+--------+--------+--------+--------+-----+--------+

Top non-repeatable levels by time:
     D:1: 816 daAuts
     D:3: 785 daAuts
     D:2: 657 daAuts
     D:4: 634 daAuts
     D:5: 552 daAuts
     D:6: 454 daAuts
     D:7: 270 daAuts
  Temple: 258 daAuts
